 Dungeon Crawl Stone Soup version 0.28-a0-48-gfd831c5874 (webtiles) character file.

Game seed: 10610505587952854420

298 bande the Shield-Bearer (level 6, 0/38 HPs)
             Began as a Gargoyle Fighter on July 30, 2021.
             Killed by nerve-wracking pain
             ... invoked by Grinder
              (4 damage)
             ... on level 4 of the Dungeon.
             The game lasted 00:07:33 (3701 turns).

bande the Shield-Bearer (Gargoyle Fighter)          Turns: 3701, Time: 00:07:34

Health: 0/38       AC: 21    Str: 20    XL:     6   Next: 36%
Magic:  6/6        EV:  2    Int:  9    God:
Gold:   117        SH:  9    Dex: 10    Spells: 5/5 levels left

rFire   . . .      SeeInvis .   a - +0 war axe
rCold   . . .      Faith    .   c - +0 kite shield
rNeg    + . .      Spirit   .   l - +0 chain mail
rPois   ∞          Reflect  .   h - +2 helmet
rElec   +          Harm     .   (no cloak)
rCorr   .          Rampage  .   (no gloves)
Will    .....      Clarity  +   (no boots)
Stlth   ..........              (no amulet)
HPRegen 0.12/turn               k - +4 ring of protection
MPRegen 0.10/turn               (no ring)

@: constricted
A: sickness immunity, AC +4, negative energy resistance 1, electricity
resistance, torment resistance 1, petrification resistance, clarity, sense
surroundings 1
a: no special abilities


You were on level 4 of the Dungeon.
You visited 1 branch of the dungeon, and saw 4 of its levels.

You collected 117 gold pieces.

Inventory:

Hand Weapons
 a - a +0 war axe (weapon)
 j - a +0 flail
Missiles
 m - a throwing net (quivered)
Armour
 c - a +0 kite shield (worn)
 h - a +2 helmet (worn)
 l - a +0 chain mail (worn)
Jewellery
 f - a ring of flight
 k - a +4 ring of protection (left hand)
 o - a ring of protection from fire
Scrolls
 b - a scroll of identify
Potions
 e - a potion of mutation
 g - a potion of flight


   Skills:
 + Level 3.9 Fighting
 + Level 3.6(3.9) Axes
 * Level 2.3(3.3) Polearms
 + Level 4.1 Armour
 + Level 0.7 Dodging
 + Level 4.4 Shields


You had 5 spell levels left.
You didn't know any spells.
Your spell library was empty.

Dungeon Overview and Level Annotations

Branches:
Dungeon (4/15)
 Temple: D:4-7

Altars:
Makhleb
Xom

Annotations:
D:4 Grinder


Innate Abilities, Weirdness & Mutations

You are immune to sickness and miasma.
Your stone body is resilient. (AC +4)
You are immune to poison.
You resist negative energy. (rN+)
You are resistant to electric shocks. (rElec)
You are resistant to unholy torment.
You are immune to petrification.
You possess an exceptional clarity of mind.
You passively map a small area around you.


Message History

You resist with significant effort. Grinder hits you but does no damage.
You barely miss Grinder.
Grinder is moderately wounded.
Grinder barely misses you.
You completely miss Grinder.
Grinder is moderately wounded.
You block Grinder's attack. Grinder hits you but does no damage.
You closely miss Grinder.
Grinder is moderately wounded.
Grinder gestures at you.
You barely resist. You closely miss Grinder.
Grinder is moderately wounded.
Grinder hits you but does no damage.
A ball python comes into view.
Grinder says, "Don't move a muscle."
You block Grinder's attack.
The ball python hisses angrily.
You slash Grinder!
Grinder is heavily wounded.
Grinder completely misses you.
You hit Grinder but do no damage.
Grinder is heavily wounded.
Grinder hits you but does no damage. Grinder gestures at you.
You resist with significant effort.
You closely miss Grinder.
Grinder is heavily wounded.
Grinder gestures at you.
You suddenly lose the ability to move!
Grinder hits you but does no damage.
The ball python bites you but does no damage.
The ball python grabs you. The ball python constricts you.
You can move again.
Your shield and chain mail prevent you from hitting Grinder.
Grinder is heavily wounded.
You hit the ball python but do no damage.
Grinder gestures at you. Pain shoots through your body!
You die...

**+**,,,,* *,,,,****#..
*,,#....# *,,,,+,,,#..
*,,#....# *,,,,*,,,#..
*,,#....# *,,,,*,,,#..
*,,#....# *,,,,*,,,+..
*,,*....###*,,,,*####..
*,,*#.....#******#.....
*,,,#.S5..# #...÷.
*,,,#.@...# #.....
######.....########.....
#......#####..##.....###
#......# #....+.....'..
#......# #....#.....#..
#......#######'#.....#..
#................#+###..
#................'..#...
#................#..+...


You could see Grinder and a ball python.

Vanquished Creatures
  A phantom (D:4)
  A hound (D:4)
  An orc wizard (D:2)
  Robin (D:3)
  5 adders
  A worm (D:2)
  3 dart slugs
  9 orcs
  10 bats
  4 endoplasms
  16 goblins
  10 hobgoblins
  4 jackals (D:3)
  6 kobolds
  3 quokkas
  6 ball pythons
  4 frilled lizards
  5 rats
  2 toadstools (D:1)
92 creatures vanquished.

Vanquished Creatures (others)
  2 toadstools (D:1)
2 creatures vanquished.

Grand Total: 94 creatures vanquished

Notes
Turn   | Place    | Note
-------+----------+-------------------------------------------
     0 | D:1      | bande the Gargoyle Fighter began the quest for the Orb.
     0 | D:1      | Reached XP level 1. HP: 14/14 MP: 1/1
    63 | D:1      | Reached XP level 2. HP: 16/19 MP: 2/2
   939 | D:1      | Reached XP level 3. HP: 15/23 MP: 3/3
  1263 | D:2      | Reached skill level 1 in Polearms
  1490 | D:2      | Reached XP level 4. HP: 28/28 MP: 4/4
  2141 | D:3      | Noticed Robin
  2200 | D:3      | Killed Robin
  2491 | D:2      | Reached XP level 5. HP: 25/32 MP: 5/5
  2845 | D:3      | Found a burning altar of Makhleb.
  2845 | D:3      | Noticed a balrug
  2892 | D:3      | Found a faded altar of an unknown god.
  3089 | D:4      | Found a shimmering altar of Xom.
  3391 | D:4      | Noticed a phantom
  3403 | D:4      | Killed a phantom
  3404 | D:4      | Reached XP level 6. HP: 30/38 MP: 6/6
  3527 | D:4      | Gained mutation: You are frail. (-10% HP) [potion of
                  | mutation]
  3527 | D:4      | Gained mutation: You passively map a small area around you.
                  | [potion of mutation]
  3527 | D:4      | Lost mutation: You are frail. (-10% HP) [potion of
                  | mutation]
  3527 | D:4      | Gained mutation: You possess an exceptional clarity of
                  | mind. [potion of mutation]
  3680 | D:4      | Noticed Grinder
  3699 | D:4      | Paralysed by Grinder for 2 turns
  3701 | D:4      | Killed from afar by Grinder

Illustrated notes

Levels and vault maps discovered:
D:1:      ldierk_water_garden, layout_basic
D:2:      layout_rooms, minmay_misc_feat_chi
D:3:      layout_basic, makhleb_altar_promises_db, basic_ecumenical_altar,
          uniq_robin
D:4:      layout_gridville, mainiacjoe_overflow_alcove_1, serial_glass,
          glass_columns_b, glass_columns_c, uniq_grinder

Skill      XL: |  1  2  3  4  5 |
---------------+----------------+-----
Axes           | 2 3 |  3.6
Polearms       | 1 2 |  2.3
Shields        | 4 |  4.4
Armour         | 4 |  4.1
Fighting       | |  3.9
Dodging        | |  0.7

Action                   |  1- 3 |  4- 6 || total
-------------------------+-------+-------++-------
Melee: War axe           |   125 |   224 ||   349
  Use: Scroll            |     3 |     6 ||     9
       Potion            |       |     5 ||     5
Armor: Scale mail        |   108 |    51 ||   159
       Chain mail        |       |   158 ||   158
Dodge: Dodged            |    52 |    56 ||   108
Block: Kite shield       |    74 |   130 ||   204

Table legend: (Time is in decaauts)
 A = Elapsed time spent in this place.
 B = Non-inter-level travel time spent in this place.
 C = Inter-level travel time spent in this place.
 D = Time resting spent in this place.
 E = Time spent auto-exploring this place.
 F = Levels seen in this place.
 G = Mean time per level.
                   A        B        C        D        E       F      G
               +--------+--------+--------+--------+--------+-----+--------+
         Total |   3923 |   3903 |     20 |    935 |   1936 |   4 |  980.8 |
       Dungeon |   3923 |   3903 |     20 |    935 |   1936 |   4 |  980.8 |
               +--------+--------+--------+--------+--------+-----+--------+

Top non-repeatable levels by time:
     D:2: 1367 daAuts
     D:1: 1213 daAuts
     D:3: 686 daAuts
     D:4: 656 daAuts
